 Dungeon Crawl Stone Soup version 0.23-a0-650-ga4d50d4 (webtiles) character file.

258 Blackhawk the Distorting Demonspawn (level 5, -5/42 HPs)
             Began as a Demonspawn Abyssal Knight on Jan 4, 2019.
             Was a Believer of Lugonu.
             Slain by a mummy (12 damage)
             ... on level 4 of the Dungeon.
             The game lasted 00:06:25 (4135 turns).

Blackhawk the Distorting Demonspawn (DsAK)          Turns: 4135, Time: 00:06:26

Health: -5/42      AC: 10    Str: 13    XL:     5   Next: 94%
Magic:  8/8        EV:  6    Int: 14    God:    Lugonu [**....]
Gold:   130        SH:  6    Dex: 12    Spells: 4/4 levels left

rFire    . . .     SeeInvis .   a - +1 hand axe
rCold    . . .     Gourm    .   (no shield)
rNeg     . . .     Faith    .   w - +0 chain mail
rPois    .         Spirit   .   (no helmet)
rElec    .         Reflect  .   (no cloak)
rCorr    .         Harm     .   s - +0 pair of gloves
MR       .....                  (no boots)
Stlth    ..........             (no amulet)
HPRegen  0.14/turn              (no ring)
MPRegen  0.11/turn              (no ring)

@: no status effects
A: large bone plates 2, demonic guardian 1
a: Depart the Abyss, Bend Space, Renounce Religion


You were on level 4 of the Dungeon.
You worshipped Lugonu.
Lugonu was pleased with you.
You were hungry.

You visited 1 branch of the dungeon, and saw 4 of its levels.
You visited the Abyss 1 time.

You collected 130 gold pieces.

Inventory:

Hand Weapons
 a - a +1 hand axe (weapon)
Armour
 b - a +0 leather armour
 s - a +0 pair of gloves (worn)
 w - a +0 chain mail (worn)
Jewellery
 f - a +2 ring of protection {unknown}
 t - an uncursed ring of see invisible {unknown}
 v - a cursed ring of ice {unknown}
 x - a +4 ring of intelligence {unknown}
 B - an uncursed ring of positive energy {unknown}
Wands
 l - a wand of digging (3)
 y - a wand of flame (22)
Scrolls
 d - a scroll of immolation {unknown}
 e - 2 scrolls of teleportation {unknown}
 i - 2 scrolls of enchant weapon {unknown}
 j - 5 scrolls of identify {unknown}
 k - a scroll of fear {unknown}
 m - 3 scrolls of magic mapping {unknown}
 n - a scroll of enchant armour {unknown}
 o - a scroll of amnesia {unknown}
 p - 2 scrolls of blinking {unknown}
 u - 4 scrolls of fog {unknown}
Potions
 g - a potion of ambrosia {unknown}
 h - 2 potions of heal wounds {unknown}
 q - 3 potions of agility {unknown}
 r - a potion of might {unknown}
 z - a potion of flight {unknown}
 C - a potion of mutation {unknown}
Comestibles
 c - 8 rations
 A - 3 chunks of flesh


   Skills:
 + Level 4.0 Fighting
 + Level 2.9 Axes
 + Level 3.0 Armour
 + Level 2.3 Dodging
 + Level 4.2 Invocations


You had 4 spell levels left.
You didn't know any spells.
Your spell library was empty.

Dungeon Overview and Level Annotations

Branches:
Dungeon (4/15)
 Temple: D:4-7

Altars:
Cheibriados
Elyvilon

Portals:
Ossuary: D:4


Innate Abilities, Weirdness & Mutations

You are mostly covered in large bone plates. (SH +6)
A weak demonic guardian rushes to your aid.


Message History

Your chain mail prevents you from hitting the mummy.
The mummy hits you!
You hit the mummy.
The mummy is lightly damaged.
You block the mummy's attack.
You hit the mummy.
The mummy is moderately damaged.
You hit the mummy.
The mummy is heavily damaged.
The mummy barely misses you.
You hit the mummy.
The mummy is heavily damaged.
The mummy hits you!
* * * LOW HITPOINT WARNING * * *
Your chain mail prevents you from hitting the mummy.
The mummy is heavily damaged.
You hit the mummy but do no damage.
The mummy is heavily damaged.
The mummy hits you!
You die...

#.......## #.#....##
#...#.## ##..##..####
##..###.....#
##..##.#.###.#
#..##.^#..##.###
#.#####.##∩M^'........
#........##^@#..##.###
########..##.#..# #
##..###....
##..##.#### ##..#.#
##...# ##### ###.#
#...# #.# #...# #####
#.####...###...#


You could see a mummy.

Vanquished Creatures
  A hound (D:2)
  Jessica (D:3)
  3 gnolls
  2 adders
  2 worms (D:2)
  A leopard gecko (D:3)
  7 orcs (D:3)
  2 ball pythons
  13 bats
  2 giant cockroaches
  7 goblins
  9 hobgoblins
  9 jackals
  3 kobolds
  2 quokkas
  2 frilled lizards (D:1)
  10 rats
76 creatures vanquished.

Vanquished Creatures (collateral kills)
  An ogre (D:4)
  A hound (D:4)
  A gnoll (D:3)
  A dart slug (D:3)
  A leopard gecko (D:3)
  A bat (D:3)
  A rat (D:3)
7 creatures vanquished.

Grand Total: 83 creatures vanquished

Notes
Turn   | Place    | Note
-------+----------+-------------------------------------------
     0 | Abyss:1  | Blackhawk the Demonspawn Abyssal Knight began the quest for
                  | the Orb.
     0 | Abyss:1  | Reached XP level 1. HP: 18/18 MP: 2/2
    47 | Abyss:1  | Noticed a stone giant zombie
    59 | Abyss:1  | Noticed a small abomination
    64 | D:1      | Escaped the Abyss
   367 | D:1      | Reached skill level 1 in Dodging
   377 | D:1      | Reached * piety under Lugonu
   638 | D:1      | Gained mutation: A weak demonic guardian rushes to your
                  | aid. [demonic ancestry]
   638 | D:1      | Reached XP level 2. HP: 16/24 MP: 4/4
  1123 | D:1      | Gained mutation: You are partially covered in large bone
                  | plates. (SH +4) [demonic ancestry]
  1123 | D:1      | Reached XP level 3. HP: 29/29 MP: 5/5
  1690 | D:2      | Found a snail-covered altar of Cheibriados.
  2382 | D:2      | Reached XP level 4. HP: 26/35 MP: 6/6
  2787 | D:3      | Found a white marble altar of Elyvilon.
  2827 | D:3      | Noticed Jessica
  2835 | D:3      | Killed Jessica
  2839 | D:3      | Reached ** piety under Lugonu
  3078 | D:3      | Gained mutation: You are mostly covered in large bone
                  | plates. (SH +6) [demonic ancestry]
  3078 | D:3      | Reached XP level 5. HP: 40/42 MP: 7/7
  3966 | D:4      | Noticed an ogre
  3973 | D:4      | Killed an ogre
  4121 | D:4      | Found a sand-covered staircase.
  4135 | D:4      | Slain by a mummy

Vault maps used:
D:1:      minmay_arrival_cross, minmay_misc_feat_tiny, minmay_quantized
D:2:      cheibriados_altar_1, first_ration
D:3:      elyvilon_altar_5, hangedman_decor_points, uniq_jessica
D:4:      chequers_temple_overflow_minitemple, minmay_temple_entry_hall,
          gup_ossuary_entry_pyramid

Skill      XL: |  1  2  3  4  5 |
---------------+----------------+-----
Dodging        | 1 2 |  2.3
Axes           | 2 |  2.9
Armour         | 2 3 |  3.0
Invocations    | 3 4 |  4.2
Fighting       | 4 |  4.0

Action                   |  1- 3 |  4- 6 || total
-------------------------+-------+-------++-------
Melee: Hand axe          |   146 |   144 ||   290
       Unarmed           |       |    11 ||    11
Invok: Depart the Abyss  |     1 |       ||     1
  Use: Potion            |       |     1 ||     1
 Stab: Distracted        |       |     1 ||     1
       Sleeping          |       |     1 ||     1
  Eat: Chunk             |     5 |     5 ||    10
Armor: Leather armour    |    40 |     2 ||    42
       Chain mail        |       |    92 ||    92
Dodge: Dodged            |    97 |    53 ||   150
Block: Other             |    20 |    51 ||    71

Table legend:
 A = Non-vault XP
 B = Vault XP
 C = Vault XP percentage of total XP
 D = Non-vault monster count
 E = Vault monster count
 F = Vault count percentage of total count
                 A         B        C        D         E       F
            +---------+---------+-------+---------+---------+-------
      Total |     338 |      31 |   8.4 |      78 |       5 |   6.0
            +---------+---------+-------+---------+---------+-------
        D:1 |      48 |       7 |  12.7 |      21 |       4 |  16.0
        D:2 |      81 |       0 |   0.0 |      17 |       0 |   0.0
        D:3 |     119 |      24 |  16.8 |      38 |       1 |   2.6
        D:4 |      90 |       0 |   0.0 |       2 |       0 |   0.0
            +---------+---------+-------+---------+---------+-------
